Cogmind - Beta 14 @@@ ROGUE MODE // 2024.11.07 @ 15:39:51 Player: RB21 Result: Destroyed by G-47 Trooper with Particle Gun Performance ------------- Evolutions (2) 1000 Regions Visited (3) 600 Robots Destroyed (38) 190 Value Destroyed (1233) 1233 Prototype IDs (1) 20 Alien Tech Used (0) 0 Bonus (16) 16 TOTAL SCORE: 3059 Bonus ------- High Alert Combat Kills 16 Cogmind --------- Core Integrity 0/550 Matter 164/300 Energy 100/100 System Corruption 0% Temperature Cool (9) Movement Core (350) Ox6 Location -8/Materials Parts ------- > --- POWER (1) -------- (None) > --- PROPULSION (3) --- (None) > --- UTILITY (4) ------ Large Storage Unit > --- WEAPON (3) ------- (None) > --- INVENTORY (15) --- Light Deuterium Engine Improved Aluminum Leg Cesium-ion Thruster Heavy Assault Cannon Heavy Assault Cannon Peak State ------------ > --- POWER ------------ Cooled Ion Engine > --- PROPULSION ------- Backup Propulsion III Backup Propulsion III Cesium-ion Thruster > --- UTILITY ---------- Large Storage Unit Medium Matter Pod Light Armor Plating > --- WEAPON ----------- Backup Laser III Particle Cannon Mini Grenade Launcher > --- INVENTORY -------- Improved Ion Engine Light Deuterium Engine Backup Laser III Heavy Assault Cannon Heavy Assault Cannon Rocket Launcher Rocket Launcher Rocket Launcher [Rating: 24] Favorites ----------- Power Ion Engine Engine Ion Engine Propulsion Backup Propulsion III Treads Light Treads Leg Improved Aluminum Leg Hover Unit Backup Propulsion III Flight Unit Cesium-ion Thruster Utility Medium Matter Pod Storage Medium Matter Pod Processor Targeting Computer Protection Light Armor Plating Weapon Backup Laser III Energy Gun Backup Laser III Energy Cannon Particle Cannon Ballistic Gun Light Assault Rifle Launcher Mini Grenade Launcher Build | -11 -10 -9 -8 ------- Run | Yrd Mat Mat Mat Slots Evolved 4 | . . 2 2 Power . | . . . . Propulsion 1 | . . . 1 Utility 2 | . . 2 . Weapon 1 | . . . 1 Parts Attached 42 | 5 12 11 14 Power 7 | 1 2 3 1 Engine 7 | 1 2 3 1 Core . | . . . . Reactor . | . . . . Propulsion 14 | 2 3 2 7 Treads 2 | 2 . . . Leg 1 | . . . 1 Wheel . | . . . . Hover 10 | . 3 2 5 Flight 1 | . . . 1 Utility 7 | . 3 4 . Device . | . . . . Storage 3 | . 2 1 . Processor 1 | . 1 . . Hackware . | . . . . Protection 3 | . . 3 . Artifact . | . . . . Weapon 14 | 2 4 2 6 Energy Gun 5 | . 2 1 2 Energy Cannon 1 | . . 1 . Ballistic Gun 3 | 2 1 . . Ballistic Cannon . | . . . . Launcher 5 | . 1 . 4 Special Weapon . | . . . . Impact Weapon . | . . . . Slashing Weapon . | . . . . Piercing Weapon . | . . . . Special Melee Weapon . | . . . . Unidentified Prototypes 1 | . . 1 . Parts Lost 22 | . 3 6 13 Power 5 | . 1 2 2 Propulsion 5 | . 1 2 2 Utility 4 | . . 2 2 Weapon 8 | . 1 . 7 Highest Loss Streak 13 | . 2 2 13 To Critical Strikes 1 | . . . 1 Average Slot Usage (%) 89 | . 95 92 67 Engine 11 | . 13 10 7 Treads 6 | . 15 . . Hover 16 | . 12 20 14 Storage 14 | . 12 16 16 Processor 6 | . 12 3 . Protection 9 | . . 18 6 Energy Gun 8 | . 6 11 7 Energy Cannon 4 | . . 8 6 Ballistic Gun 9 | . 21 2 . Launcher 1 | . . . 8 Peak Build Rating 24 | 5 16 20 24 Average Rating 14 | 3 10 18 17 On Entrance 9 | . 5 14 19 Naked Turns . | . . . . Heaviest Build 40 | 7 11 39 40 Greatest Support 40 | 40 40 16 16 Greatest Overweight (x) 13 | 1 1 5 13 Average Overweight (x) . | . . . 3 Largest Inventory Capacity 15 | 5 5 15 15 Average Capacity 8 | 5 5 10 15 Most Carried 13 | 3 5 10 13 Average Carried 6 | 1 4 6 10 Final Capacity 15 | 5 5 15 15 Final Carried 10 | 3 5 10 7 Class Distribution -------------------- 87% | Mutant 12% | Tank Dominant Class ---------------- Mutant | -10/Materials Mutant | -9/Materials Tank | -8/Materials Resources | -11 -10 -9 -8 ----------- Run | Yrd Mat Mat Mat Matter Collected 684 | 174 276 208 26 Remotely . | . . . . Salvage Created 1069 | . 330 573 166 Parts 66 | . 24 34 8 Haulers Intercepted . | . . . . Recyclers Shooed 3 | . 1 2 . Parts Field Recycled . | . . . . Retrieved Matter . | . . . . Parts Self-Destructed . | . . . . Prevented . | . . . . Kills | -11 -10 -9 -8 ------- Run | Yrd Mat Mat Mat Combat Hostiles Destroyed 32 | . 12 14 6 Guns 13 | . 9 4 . Cannons 9 | . . 9 . AOE 9 | . 3 . 6 Classes Destroyed 9 | . 4 3 2 Builder 1 | . . . 1 Tunneler 1 | . 1 . . Operator 2 | . 1 . 1 Watcher 2 | . . 1 1 Swarmer 6 | . 3 3 . Grunt 21 | . 9 7 5 Brawler 1 | . . 1 . Sentry 3 | . . 3 . Hunter 1 | . . . 1 Best Kill Streak 8 | . 5 3 8 Combat Bots Only 4 | . 4 3 4 Max Kills in Single Turn 2 | . 2 1 2 Gunslinging . | . . . . Exploded 2 | . 2 . 2 Melee . | . . . . Uniques/NPCs Destroyed . | . . . . Combat | -11 -10 -9 -8 -------- Run | Yrd Mat Mat Mat Hostile Shots Fired 269 | . 87 77 105 Missed 77 | . 30 22 25 Damage Taken 2826 | . 724 694 1408 Core 917 | . 202 162 553 Absorbed by Shields . | . . . . Redirected to Shielding 50 | . . 50 . Core Remaining (%) 59 | 100 19 59 . Volleys Fired 88 | . 43 32 13 Largest 3 | . 2 2 3 Hottest 138 | . 60 108 138 Shots Fired 175 | . 86 64 25 Gun 127 | . 81 40 6 Cannon 26 | . . 24 2 Launcher 22 | . 5 . 17 Special . | . . . . Kinetic 80 | . 72 8 . Thermal 73 | . 9 56 8 Explosive 22 | . 5 . 17 Electromagnetic . | . . . . Robot Hit Streak 14 | . 7 14 4 Robot Miss Streak 5 | . 5 2 2 Penetration Max . | . . . . Secondary Targets 2 | . 1 1 . Max Gunslinging Chain 1 | . 1 1 . Shots Hit Robots 118 | . 59 49 10 Core Hits 66 | . 25 19 22 Critical Kills 1 | . 1 . . Critical Parts Destroyed . | . . . . Critical Strikes 1 | . 1 . . Destroy 1 | . 1 . . Melee Attacks . | . . . . Impact . | . . . . Slashing . | . . . . Piercing . | . . . . Sneak Attacks . | . . . . Combat Hostiles . | . . . . Follow-up Attacks . | . . . . Damage Inflicted 2586 | 8 857 782 939 Guns 821 | . 476 333 12 Cannons 472 | . . 431 41 Explosions 1267 | . 381 . 886 Melee . | . . . . Ramming 26 | 8 . 18 . Kinetic 451 | . 411 40 . Thermal 842 | . 65 724 53 Explosive 1267 | . 381 . 886 Electromagnetic . | . . . . Impact . | . . . . Slashing . | . . . . Piercing . | . . . . Highest Corruption . | . . . . Average Corruption . | . . . . Corruption Purged . | . . . . Corruption Blocked . | . . . . Overload Shots . | . . . . Overflow Damage 102 | . 71 . 31 Projectiles . | . . . . Explosions 102 | . 71 . 31 Melee . | . . . . Knockbacks . | . . . . Impact . | . . . . Kinetic . | . . . . Secondary . | . . . . Self-Inflicted Damage 333 | . 116 8 209 Shots 9 | . 2 . 7 Rammed 8 | 2 1 5 . Targets Rammed 8 | 2 1 5 . Kicked . | . . . . Crushed . | . . . . Highest Temperature 314 | . 92 314 97 Average Temperature 69 | . 23 99 37 Received Heat Transfer 1065 | . 285 240 540 Effects 4 | . . 4 . Interference 3 | . . 3 . Damage (minor) 1 | . . 1 . Siege Activations . | . . . . Robots Corrupted . | . . . . Combat Hostiles . | . . . . Parts Fried . | . . . . Impact Corruptions . | . . . . Robots Melted 1 | . . 1 . Combat Hostiles 1 | . . 1 . Parts Melted 8 | . 1 7 . Heat Transferred 1924 | . 185 1628 111 Parts Sabotaged . | . . . . Parts Stolen . | . . . . Parts Stripped . | . . . . Power Chain Reactions . | . . . . Alert | -11 -10 -9 -8 ------- Run | Yrd Mat Mat Mat Peak Influence 461 | . 356 461 343 Initial 133 | . . 89 133 Average 210 | . 152 288 202 Maximum Alert Level 2 | . 1 2 1 Low Security (%) 52 | 100 71 18 77 Level 1 41 | . 28 65 22 Level 2 6 | . . 16 . Level 3 . | . . . . Level 4 . | . . . . Level 5 . | . . . . High Security . | . . . . Max Security . | . . . . Squads Dispatched 10 | . 4 4 2 Investigation 5 | . 2 2 1 Extermination . | . . . . Reinforcement 5 | . 2 2 1 Assault . | . . . . Garrison . | . . . . Intercept . | . . . . Searches Triggered . | . . . . Construction Impeded . | . . . . Haulers Reinforced . | . . . . Active Scanning Responses . | . . . . Cargo Convoy Interrupts . | . . . . Stealth | -11 -10 -9 -8 --------- Run | Yrd Mat Mat Mat Distress Signals 3 | . . 2 1 Communications Jammed . | . . . . Distress Signals . | . . . . Times Spotted 57 | . 19 24 14 Peak Tracking Total 7 | . 3 5 7 Tactical Retreats 5 | . . 5 . Traps | -11 -10 -9 -8 ------- Run | Yrd Mat Mat Mat Traps Triggered 3 | . . 2 1 Indirectly . | . . . . Trap Hack Attempts . | . . . . Triggered . | . . . . Disarmed . | . . . . Reprogrammed . | . . . . Reused . | . . . . Traps Extracted . | . . . . Installed . | . . . . Triggered . | . . . . Machines | -11 -10 -9 -8 ---------- Run | Yrd Mat Mat Mat Machines Disabled 7 | . 2 . 5 Max in Single Turn 2 | . 2 . 2 Machines Repaired . | . . . . Machines Dismantled . | . . . . Machines Sabotaged . | . . . . Overloaded Fab Kills . | . . . . Hacking | -11 -10 -9 -8 --------- Run | Yrd Mat Mat Mat Machines Accessed 2 | . 2 . . Terminals 1 | . 1 . . Fabricators . | . . . . Repair Stations 1 | . 1 . . Recycling Units . | . . . . Scanalyzers . | . . . . Garrison Access . | . . . . Total Hacks 6 | . 6 . . Successful 3 | . 3 . . Failed 3 | . 3 . . Catastrophic . | . . . . Database Lockouts . | . . . . Manual . | . . . . Terminals 3 | . 3 . . Fabricators . | . . . . Repair Stations 3 | . 3 . . Recycling Units . | . . . . Scanalyzers . | . . . . Garrison Access . | . . . . Terminal Hacks 2 | . 2 . . Alert Level 1 | . 1 . . Registered Components 1 | . 1 . . Fabricator Hacks . | . . . . Repair Station Hacks 1 | . 1 . . Scan Component 1 | . 1 . . Recycling Unit Hacks . | . . . . Scanalyzer . | . . . . Garrison Access Hacks . | . . . . Unauthorized Hacks . | . . . . Terminals . | . . . . Fabricators . | . . . . Repair Stations . | . . . . Recycling Units . | . . . . Scanalyzers . | . . . . Garrison Access . | . . . . Data Cores Recovered 1 | . 1 . . Used . | . . . . Hacking Detections 2 | . 2 . . Full Trace Events 2 | . 2 . . Feedback Events . | . . . . Feedback Blocked . | . . . . Robot Schematics Acquired . | . . . . Robots Built . | . . . . Authchips . | . . . . Time . | . . . . Total Robot Build Rating . | . . . . Part Schematics Acquired . | . . . . Parts Built . | . . . . Authchips . | . . . . Time . | . . . . Total Part Build Rating . | . . . . Parts Repaired . | . . . . Time . | . . . . Parts Recycled . | . . . . Recycled Matter . | . . . . Retrieved Matter . | . . . . Retrieved Components . | . . . . Parts Scanalyzed . | . . . . Part Schematics Acquired . | . . . . Parts Damaged . | . . . . Bothacking | -11 -10 -9 -8 ------------ Run | Yrd Mat Mat Mat Used RIF Installer . | . . . . Robots Hacked . | . . . . Non-combat . | . . . . Combat . | . . . . Robot Hacks Applied . | . . . . Relay Couplers Released . | . . . . Fabnet Peak Effective % . | . . . . Robots Rewired . | . . . . Allies Hacked . | . . . . Hacks Repelled . | . . . . Allies | -11 -10 -9 -8 -------- Run | Yrd Mat Mat Mat Total Allies . | . . . . Largest Group . | . . . . Highest-Rated Group . | . . . . Highest-Rated Ally . | . . . . Total Orders . | . . . . Ally Attacks . | . . . . Total Damage . | . . . . Kills . | . . . . Allies Corrupted . | . . . . Allies Melted . | . . . . Intel | -11 -10 -9 -8 ------- Run | Yrd Mat Mat Mat Robot Analysis Total . | . . . . Derelict Logs Recovered . | . . . . Drone Launches . | . . . . Drone Recoveries . | . . . . Exploration | -11 -10 -9 -8 ------------- Run | Yrd Mat Mat Mat Turns Passed 1683 | 65 641 689 288 Spaces Moved 955 | 34 475 378 68 Core 22 | 3 . 5 14 Treads 190 | 31 159 . . Legs 1 | . . . 1 Wheels . | . . . . Hover 742 | . 316 373 53 Flight . | . . . . Fastest Speed 50 | 50 76 76 236 Average Speed 138 | 153 104 147 313 Slowest Speed 700 | 160 180 300 700 Overloaded Moves . | . . . . Propulsion Burnouts . | . . . . Robots Hopped . | . . . . Cave-ins Triggered . | . . . . Exploration Rate (%) 28 | 3 69 32 11 Regions Visited 3 Branch Regions . Pre-discovered Areas . | . . . . Known Exits Taken . | . . . . Unknown Exits Taken 3 | 1 1 1 . Scrap Searched . | . . . . Spaces Dug . | . . . . Terrain Destroyed 133 | . 52 . 81 Melee . | . . . . Projectile . | . . . . AOE 133 | . 52 . 81 Terrain Rammed . | . . . . Walls Destroyed . | . . . . Machines Disabled . | . . . . Actions | -11 -10 -9 -8 --------- Run | Yrd Mat Mat Mat Total 1154 | 43 548 440 123 Wait 21 | . . 1 20 Move 952 | 33 474 377 68 Hop . | . . . . Pick Up 24 | 3 8 11 2 Fast Attach 15 | 5 6 3 1 Attach 16 | . 1 4 11 Detach 6 | . . . 6 Swap 11 | . 5 4 2 Drop 13 | . 10 3 . Fire 88 | . 43 32 13 Melee . | . . . . Ram 5 | . . 5 . Kick . | . . . . Crush 3 | 2 1 . . Escape Stasis . | . . . . Rewire . | . . . . Trap . | . . . . Miscellaneous . | . . . . Route ------- -11/Scrapyard -10/Materials (discovered 2 exits: [*Mat x2]) -9/Materials (discovered 2 exits: [*Mat] / [*Sto]) -8/Materials History --------- Turn | Location | Event 33 | -11/Scrapyard | Discovered new exit (range 16) 66 | -11/Scrapyard | Entered Materials 295 | -10/Materials | Discovered new exit (range 7) 325 | -10/Materials | Build established: Mutant 411 | -10/Materials | Core integrity fell below 50% 595 | -10/Materials | Core integrity fell below 20% 654 | -10/Materials | Discovered new exit (range 15) 707 | -10/Materials | Entered another Materials area 707 | -9/Materials | Evolved 2 slots: Utility x2 946 | -9/Materials | Discovered new exit (range 6) 1306 | -9/Materials | Discovered new exit (range 16) 1396 | -9/Materials | Entered another Materials area 1396 | -8/Materials | Evolved 2 slots: Propulsion x1, Weapon x1 1656 | -8/Materials | Core integrity fell below 50% 1670 | -8/Materials | Core integrity fell below 20% 1684 | -8/Materials | Destroyed by G-47 Trooper with Particle Gun Last Messages --------------- U-05 Engineer lays Concrete. K-01 Serf collects debris. U-05 Engineer lays Concrete. R-06 Scavenger collects Particle Gun. K-01 Serf collects debris. U-05 Engineer lays Concrete. The unstable cave ceiling collapses. U-05 Engineer builds a Wall. K-01 Serf collects debris. R-06 Scavenger collects Lgt. Nuclear Core. U-05 Engineer builds a Wall. K-01 Serf collects debris. R-06 Scavenger collects Carbon-fiber Leg. Critical hit (Burn: +37). K-01 Serf collects debris. U-05 Engineer builds a Wall. K-01 Serf collects debris. The unstable cave ceiling collapses. U-05 Engineer lays Concrete. K-01 Serf collects debris. Map ----- +----------------------------------------------------+ | ?????????????????????????????????????????????????? | | ?????????????????????????????????????????????????? | | ????????????????????? #??????????????????????????? | | ?????????########### #####??????????????????????? | | ?????????# ?????????????????????? | | ?????????# ?????????????????????? | | ?????????# ?????????????????????? | | ?????????####+##########?????????????????????????? | | ?????????# ######?????????????????????????? | | ?????????#""""" !+ #?????????????????????????? | | ?????????#""""" #### #?????????????????????????? | | ?????????#"" #?# #?????????????????????????? | | ?????????#""" [ #?# #?????????????????????????? | | ?????????#" ###+####??????????????????????? | | ?????????#"" # [ #??????????????????????? | | ?????????#"" # #??????????????????????? | | ?????????# # #??????????????????????? | | ?????????#### # # " #??????????????????????? | | ????????????# ######""" #??????????????????????? | | ????????????# ?????#"" #??????! ??????????????? | | ????????????# ?????#""" #?????!! ??????????????? | | ????????????##?????# "" #???? ???????????????? | | ???????????????????#""" #?? """ ???????????????? | | ???????????????????#"" #? """ ?#?????????????? | | ??????????????????## # """ #?????????????? | | ??????????????????## @ #?????????????? | | ??????????????????## # #####???????????? | | ????????????????###### #g # #????????? | | ??????????"" " % k r ????????? | | ????????????????#### % #????????? | | ???????????????????# %% """ ?????????? | | ???????????????????# ""????????????? | | ?????????????????? # ""????????????? | | ???????????????? ????????????? | | ?????????????? a ??????????? | | ????????????? # # ## ######## ??????????? | | ?????????????## # g #???????????????????? | | ?????????????# # # +???????????????????? | | ????????????? #???????????????????? | | ????????????? #???????????????????? | | ??????????????? #???????????????????? | | ????????????????? ## #???????????????????? | | ???????????????????? ?? #???????????????????? | | ?????????????????????? ! ?? ?????????????????????? | | ?????????????????????????????????????????????????? | | ?????????????????????????????????????????????????? | | ?????????????????????????????????????????????????? | | ?????????????????????????????????????????????????? | | ?????????????????????????????????????????????????? | | ?????????????????????????????????????????????????? | +----------------------------------------------------+ Best States ------------- Heat Dissipation 31 Energy Generation 14 Energy Capacity 280 Matter Stores 400 Matter Capacity 400 Sight Range 16 Terrain Scan Density 10 Armor Coverage 230 Weapon Shielding 33 Evasion (%) 49 Targeting Accuracy 5 Recoil Reduction 2 Item Schematics ----------------- None Robot Schematics ------------------ None Fabricated ------------ Nothing Alien Tech Used ----------------- None Achievements -------------- None Challenges ------------ None Game ------ Seed AmuletSpliceClaymores Manual? 0 Play Time 00:15:31 Cumulative 12.4 hours Start 2024.11.07 @ 15:23:05 End 2024.11.07 @ 15:39:51 Sessions 1 Manual Loads 0 Difficulty Rogue Special Mode None Game No. 23 Rogue 23 Adventurer 0 Explorer 0 Win Type - Total 0 Types 0/0/0/0/0/0/0/0/0 Lore% 8 Gallery% 16 Achievement% 14 Wizard Run 0 Options --------- Layout 1 ASCII 0 Keyboard 1 Movement Numpad Keybinds 0 Fullscreen 2 Font 24/Smallcaps Map View 50x35 Zoom Use 0% Tactical HUD 0 Map Filters NONE Filters NONE Steam X RUN: b5767948-6c39-4314-90a9-af4e5c0c0b88